Map: Odyssey LE

Players

KebabKing (SpaceMarine)

  • Race: Protoss Protoss
  • Spawn Location: 11:00

Snute - Winner!

  • Race: Zerg Zerg
  • Spawn Location: 5:00

Event: WCS Jonkoping 2017

VOD

Have the link to the VOD?

Description

Time

  • Played on: June 17, 2017, 6:22 a.m.
  • Length: 4:11

All games in this series

Show
View Real Time Build Order
Export as new Build Order

KebabKing Protoss 

Build Orders:  

Get SALT Encoding   

  12  0:00  Probe (Chrono Boost)  
  13  0:11  Probe (Chrono Boost)  
  14  0:20  Pylon  
  14  0:22  Probe (Chrono Boost)  
  15  0:38  Probe (Chrono Boost)  
  15  0:40  Gateway  
  16  0:46  Assimilator  
  16  0:48  Probe (Chrono Boost)  
  17  0:55  Assimilator  
  17  0:59  Probe (Chrono Boost)  
  18  1:10  Probe (Chrono Boost)  
  19  1:20  Probe (Chrono Boost)  
  20  1:27  Pylon  
  20  1:28  Cybernetics Core  
  20  1:31  Probe (Chrono Boost)  
  21  1:41  Probe (Chrono Boost)  
  22  1:52  Probe (Chrono Boost)  
  23  2:04  Robotics Facility  
  23  2:06  Stalker (Chrono Boost), Warp Gate (Chrono Boost)  
  25  2:18  Pylon  
  25  2:25  Mothership Core  
  27  2:41  Gateway  
  27  2:42  Gateway  
  27  2:45  Gateway  
  27  3:02  Warp Prism (Chrono Boost)  
  29  3:28  Probe  
  29  3:29  Nexus  
  30  4:08  Pylon x2  
Show
View Real Time Build Order
Export as new Build Order

Snute Zerg - Winner!

Build Orders: Hatch First 

Get SALT Encoding   

  12  0:00  Drone  
  13  0:12  Overlord  
  13  0:16  Drone  
  14  0:30  Drone x2  
  14  0:34  Drone  
  17  0:52  Hatchery  
  17  0:53  Drone  
  17  0:57  Drone  
  17  1:00  Extractor  
  17  1:12  Spawning Pool  
  17  1:15  Drone  
  17  1:18  Drone  
  18  1:27  Drone  
  19  1:37  Overlord  
  19  1:50  Drone  
  20  1:58  Queen  
  22  2:02  Metabolic Boost  
  22  2:03  Queen  
  22  2:04  Zergling x2  
  22  2:06  Drone  
  26  2:10  Drone  
  26  2:15  Drone  
  28  2:21  Drone  
  29  2:26  Drone  
  30  2:32  Drone  
  30  2:34  Queen  
  33  2:39  Overlord  
  33  2:49  Hatchery  
  32  2:52  Drone x2  
  32  2:53  Drone  
  34  2:59  Queen  
  34  3:05  Zergling x4  
  38  3:08  Zergling x2  
  38  3:09  Zergling x2  
  38  3:11  Overlord  
  40  3:22  Overlord  
  40  3:27  Spore Crawler  
  40  3:29  Spore Crawler  
  40  3:31  Zergling x10  
  43  3:39  Zergling x2  
  43  3:40  Zergling x2  
  45  3:43  Zergling x6  
  48  3:52  Zergling x8  
Tags
 
Add a new tag
Caveats
  • Supply blocks, unpowered buildings, or Contaminate may cause inaccurate times.
  • Supply counts are checked every 10 seconds.